[Event "ICC tourney 1969 (45 10)"]
[Site "Internet Chess Club"]
[Date "2020.08.23"]
[Round "6"]
[White "sathviks"]
[Black "vyomvidy"]
[Result "1/2-1/2"]
[ICCResult "Game drawn by mutual agreement"]
[WhiteElo "2202"]
[BlackElo "2245"]
[Opening "Ruy Lopez: closed, Averbach variation"]
[ECO "C87"]
[NIC "RL.16"]
[Time "13:31:41"]
[TimeControl "2700+10"]

1. e4 e5 2. Nf3 Nc6 3. Bb5 a6 4. Ba4 Nf6 5. O-O Be7 6. Re1 d6 7. c3 Bg4 8.
d3 Nd7 9. Nbd2 Nc5 10. Bc2 Ne6 11. Nf1 Ng5 12. Bxg5 Bxg5 13. Ng3 Qf6 14. h3
Bxf3 15. Qxf3 Qxf3 16. gxf3 Ne7 17. Rad1 Ng6 18. Nf5 Nh4 19. Nxh4
{Game drawn by mutual agreement}
1/2-1/2

[Event "ICC tourney 1969 (45 10)"]
[Site "Internet Chess Club"]
[Date "2020.08.23"]
[Round "6"]
[White "AdityaShiv"]
[Black "burstninja"]
[Result "1-0"]
[ICCResult "Black resigns"]
[WhiteElo "1986"]
[BlackElo "1673"]
[Opening "French: advance, Euwe variation"]
[ECO "C02"]
[NIC "FR.03"]
[Time "13:31:51"]
[TimeControl "2700+10"]

1. e4 e6 2. d4 d5 3. e5 c5 4. c3 Nc6 5. Nf3 Bd7 6. Be2 Rc8 7. O-O Nge7 8. a3
a6 9. b4 cxd4 10. cxd4 Nf5 11. Bb2 Na7 12. Nc3 Nb5 13. Bxb5 Bxb5 14. Nxb5
axb5 15. Qd3 Rb8 16. Qxb5+ Qd7 17. Qxd7+ Kxd7 18. Rfc1 {Black resigns} 1-0

[Event "ICC tourney 1969 (45 10)"]
[Site "Internet Chess Club"]
[Date "2020.08.23"]
[Round "6"]
[White "SophylacticPlay"]
[Black "spamazing26"]
[Result "1-0"]
[ICCResult "Black resigns"]
[WhiteElo "2223"]
[BlackElo "1682"]
[Opening "French: Winawer, advance, poisoned pawn variation"]
[ECO "C18"]
[NIC "FR.09"]
[Time "13:32:24"]
[TimeControl "2700+10"]

1. e4 d5 2. Nc3 e6 3. d4 Bb4 4. e5 Ne7 5. a3 Bxc3+ 6. bxc3 c5 7. Qg4 Qc7 8.
Qxg7 Rg8 9. Qxh7 cxd4 10. Qd3 dxc3 11. f4 b6 12. Ne2 Ba6 13. Qxc3 Nbc6 14.
Nd4 Bxf1 15. Kxf1 Rc8 16. Nb5 Qd7 17. Nd6+ Kf8 18. Nxc8 Qxc8 19. a4 Qa6+ 20.
Qd3 Qa5 21. Ba3 d4 22. h4 Qd5 23. Rh2 Ke8 24. Bxe7 Nxe7 25. Qb5+ Qxb5+ 26.
axb5 Nf5 27. Rxa7 Ne3+ 28. Ke2 Rg4 29. Ra8+ Ke7 30. Kf3 Rg7 31. g3 Nf5 32.
g4 Ne3 33. g5 Nf5 34. h5 d3 35. cxd3 Nd4+ 36. Ke4 Nxb5 37. Rh8 {Black
resigns} 1-0

[Event "ICC tourney 1969 (45 10)"]
[Site "Internet Chess Club"]
[Date "2020.08.23"]
[Round "6"]
[White "CoolBruhO"]
[Black "Ayushb"]
[Result "0-1"]
[ICCResult "White checkmated"]
[WhiteElo "1275"]
[BlackElo "1724"]
[Opening "Giuoco Piano: four knights variation"]
[ECO "C50"]
[NIC "IG.02"]
[Time "13:31:40"]
[TimeControl "2700+10"]

1. e4 e5 2. Nf3 Nc6 3. Bc4 Bc5 4. Nc3 Nf6 5. h3 d6 6. d3 h6 7. a3 O-O 8. O-O
Be6 9. Bd5 Bxd5 10. Nxd5 a5 11. Nxf6+ Qxf6 12. g3 Qg6 13. Qe1 Qxg3+ 14. Kh1
Qxf3+ 15. Kh2 f5 16. Be3 Nd4 17. Bxd4 exd4 18. e5 dxe5 19. Rb1 e4 20. b4
Bd6+ 21. Kg1 Qxh3 22. f4 Rf6 23. Qe2 Rg6+ 24. Kf2 Qg3# {White checkmated}
0-1

[Event "ICC tourney 1969 (45 10)"]
[Site "Internet Chess Club"]
[Date "2020.08.23"]
[Round "6"]
[White "tanishqchess"]
[Black "stgummadi"]
[Result "1-0"]
[ICCResult "Black resigns"]
[WhiteElo "1004"]
[BlackElo "1406"]
[Opening "Sicilian"]
[ECO "B55"]
[NIC "SI.01"]
[Time "13:32:24"]
[TimeControl "2700+10"]

1. e4 c5 2. Nf3 d6 3. d4 cxd4 4. Nxd4 Nf6 5. Bd3 Nc6 6. Nf3 e6 7. Nc3 Be7 8.
O-O O-O 9. Bg5 h6 10. Bh4 a6 11. Re1 Bd7 12. e5 Nd5 13. Bxe7 Qxe7 14. Nxd5
exd5 15. exd6 Qxd6 16. Qd2 Bg4 17. Qe3 Rfe8 18. Qxe8+ Rxe8 19. Rxe8+ Qf8 20.
Rxf8+ Kxf8 21. Re1 Bxf3 22. gxf3 Nd4 23. Kg2 b5 24. c3 Nc6 25. b4 d4 26. Rc1
dxc3 27. Rxc3 Nxb4 28. a3 Nd5 29. Rc8+ Ke7 30. Ra8 Nf4+ 31. Kg3 Nxd3 32.
Rxa6 b4 33. axb4 Nxb4 34. Ra7+ Kf6 35. f4 Kf5 36. Rxf7+ Kg6 37. Rb7 Nd3 38.
h4 h5 39. Rb6+ Kf5 40. Rb5+ Kg6 41. Kf3 Ne1+ 42. Ke4 Ng2 43. Rb6+ Kf7 44.
Rb5 g6 45. f5 Nxh4 46. fxg6+ Kxg6 47. Rb6+ Kg5 48. f4+ Kg4 49. Rb5 Nf3 50.
Rb2 h4 51. Rf2 h3 52. Rxf3 h2 53. Rf1 Kg3 54. f5 Kg2 55. Ra1 h1=Q 56. Rxh1
Kxh1 57. f6 {Black resigns} 1-0

[Event "ICC tourney 1969 (45 10)"]
[Site "Internet Chess Club"]
[Date "2020.08.23"]
[Round "6"]
[White "avats"]
[Black "HR2005"]
[Result "0-1"]
[ICCResult "White checkmated"]
[WhiteElo "1586"]
[BlackElo "2076"]
[Opening "Sicilian: Najdorf, Opocensky variation"]
[ECO "B92"]
[NIC "SI.10"]
[Time "13:31:31"]
[TimeControl "2700+10"]

1. e4 c5 2. Nf3 d6 3. d4 cxd4 4. Nxd4 Nf6 5. Nc3 a6 6. Be2 e5 7. Nf3 Be6 8.
Bg5 Nbd7 9. O-O h6 10. Be3 Ng4 11. Bd2 Be7 12. h3 Ngf6 13. Be3 b5 14. a3 Rc8
15. Qd2 Nb6 16. Rfd1 Nc4 17. Bxc4 Rxc4 18. Qd3 Qc7 19. Nd2 Rc6 20. Nd5 Bxd5
21. exd5 Rxc2 22. f4 Nd7 23. Ne4 O-O 24. Rac1 Rc8 25. f5 Qc4 26. Rxc2 Qxc2
27. Qxc2 Rxc2 28. Rd2 Rc4 29. Nc3 e4 30. Rd4 Nb6 31. Nxe4 Rxd4 32. Bxd4 Nxd5
33. Kf2 f6 34. Nc3 Nxc3 35. Bxc3 d5 36. Bd4 Bd6 37. Ke3 Be5 38. Kd3 Kf7 39.
b3 Ke7 40. Bc5+ Kf7 41. g4 g6 42. h4 gxf5 43. gxf5 h5 44. Bf2 Ke7 45. Bc5+
Kd7 46. Bf2 Kc6 47. b4 Bb2 48. Bd4 Bxd4 49. Kxd4 Kd6 50. a4 bxa4 51. b5 axb5
52. Kd3 b4 53. Kc2 d4 54. Kb2 d3 55. Kc1 a3 56. Kd2 a2 57. Kxd3 a1=Q 58. Kc2
Qc3+ 59. Kb1 Qd2 60. Ka1 b3 61. Kb1 Qc2+ 62. Ka1 Qa2# {White checkmated} 0-1

[Event "ICC tourney 1969 (45 10)"]
[Site "Internet Chess Club"]
[Date "2020.08.23"]
[Round "6"]
[White "dxzhou"]
[Black "varsat"]
[Result "1/2-1/2"]
[ICCResult "Game drawn by mutual agreement"]
[WhiteElo "1925"]
[BlackElo "1901"]
[Opening "Scotch game"]
[ECO "C45"]
[NIC "SO.05"]
[Time "13:31:33"]
[TimeControl "2700+10"]

1. e4 e5 2. Nf3 Nc6 3. d4 exd4 4. Nxd4 Bc5 5. Be3 Qf6 6. c3 Nge7 7. Be2 Bb6
8. O-O d6 9. Na3 O-O 10. Nc4 Bxd4 11. cxd4 d5 12. e5 Qg6 13. Bd3 Bf5 14.
Bxf5 Nxf5 15. Nd2 Ncxd4 16. Bxd4 Nxd4 17. Nb3 Nxb3 18. Qxb3 Qe6 19. Qxb7
Qxe5 20. Rfe1 Qd6 21. Rad1 c6 22. Rc1 c5 23. Red1 d4 24. b3 a5 25. Qb5 Rfc8
26. Qc4 g6 27. g3 a4 28. bxa4 Rab8 29. a3 Qe6 30. Qd3 Qd5 31. Rc4 Re8 32.
Rdc1 Rbc8 33. a5 Re5 34. Rxd4 Qxd4 35. Qxd4 cxd4 36. Rxc8+ Kg7 37. Rd8
{Game drawn by mutual agreement}
1/2-1/2

[Event "ICC tourney 1969 (45 10)"]
[Site "Internet Chess Club"]
[Date "2020.08.23"]
[Round "6"]
[White "orwind"]
[Black "hackerguru"]
[Result "0-1"]
[ICCResult "White checkmated"]
[WhiteElo "1298"]
[BlackElo "1770"]
[Opening "Sicilian: Nimzovich-Rossolimo attack (with ...g6, without ...d6)"]
[ECO "B31"]
[NIC "SI.31"]
[Time "13:31:39"]
[TimeControl "2700+10"]

1. e4 c5 2. Nf3 Nc6 3. Bb5 g6 4. Nc3 Bg7 5. O-O Nd4 6. Nxd4 cxd4 7. Ne2 a6
8. Bc4 e6 9. d3 Ne7 10. Nf4 O-O 11. Bd2 d5 12. exd5 e5 13. Ne2 Nxd5 14. Ng3
Be6 15. Re1 b5 16. Bb3 Qe7 17. a3 Qc7 18. Qf3 Rad8 19. Ne4 h6 20. Bxd5 Bxd5
21. Nf6+ Bxf6 22. Qxf6 Kh7 23. Qh4 h5 24. Bg5 Rde8 25. Bf6 Re6 26. Qg5 Rfe8
27. f4 exf4 28. Rxe6 Bxe6 29. Bxd4 Qxc2 30. Qf6 Rg8 31. Re1 Qc6 32. Qxf4 Qd5
33. Re5 g5 34. Rxd5 gxf4 35. Rxh5+ Kg6 36. Rc5 Rd8 37. Be5 Rxd3 38. Bxf4
Rd1+ 39. Kf2 Rb1 40. Be5 Kf5 41. Bc3+ Ke4 42. Rc6 a5 43. Rb6 Bc4 44. h4 Rf1+
45. Kg3 f5 46. h5 f4+ 47. Kg4 Be2+ 48. Kg5 Rf2 49. h6 Rxg2+ 50. Kf6 f3 51.
Re6+ Kd5 52. h7 Rh2 53. Re5+ Kc4 54. Kg7 f2 55. Rxe2 Rg2+ 56. Kh6 f1=Q 57.
Rxg2 Qh1+ 58. Kg6 Qxg2+ 59. Kf7 Qd5+ 60. Kf8 Qf5+ 61. Kg8 Qg6+ 62. Kh8 Qf7
63. Bxa5 Qf8# {White checkmated} 0-1

[Event "ICC tourney 1969 (45 10)"]
[Site "Internet Chess Club"]
[Date "2020.08.23"]
[Round "6"]
[White "arodmed30"]
[Black "Pranavs23"]
[Result "1-0"]
[ICCResult "Black checkmated"]
[WhiteElo "1593"]
[BlackElo "909"]
[Opening "King's pawn game"]
[ECO "C50"]
[NIC "IG.03"]
[Time "13:32:23"]
[TimeControl "2700+10"]

1. e4 e5 2. Nf3 Nc6 3. Bc4 h6 4. c3 Nf6 5. d3 d5 6. exd5 Nxd5 7. O-O Nf6 8.
Re1 Qd6 9. Bf4 Bg4 10. Bg3 Be7 11. Nbd2 O-O 12. d4 Rad8 13. dxe5 Bxf3 14.
Nxf3 Qxd1 15. Raxd1 Rxd1 16. Rxd1 Ng4 17. e6 Nf6 18. exf7+ Kh8 19. Nh4 Kh7
20. Bd3+ g6 21. Nxg6 Kg7 22. Nxf8 Kxf8 23. Bxc7 Kxf7 24. Bc4+ Kg7 25. b4 Ne4
26. b5 Nxc3 27. Rd7 Kf6 28. bxc6 bxc6 29. Be5+ Kxe5 30. Rxe7+ Kd6 31. Re6+
Kc5 32. Bb3 a5 33. Rxh6 a4 34. Rh5+ Kb4 35. Rh4+ Ka3 36. Be6 Kb2 37. f4 a3
38. f5 Nd5 39. Bxd5 cxd5 40. f6 Kxa2 41. f7 Kb3 42. f8=Q a2 43. Qa8 Kb2 44.
Rb4+ Ka1 45. Qh8+ d4 46. Qxd4# {Black checkmated} 1-0

[Event "ICC tourney 1969 (45 10)"]
[Site "Internet Chess Club"]
[Date "2020.08.23"]
[Round "6"]
[White "jy2020"]
[Black "blueeagle405"]
[Result "1-0"]
[ICCResult "Black resigns"]
[WhiteElo "2248"]
[BlackElo "1982"]
[Opening "Sicilian: Pelikan (Lasker/Sveshnikov) variation"]
[ECO "B33"]
[NIC "SI.35"]
[Time "13:31:31"]
[TimeControl "2700+10"]

1. e4 c5 2. Nf3 Nc6 3. d4 cxd4 4. Nxd4 Nf6 5. Nc3 e5 6. Ndb5 d6 7. Nd5 Nxd5
8. exd5 Nb8 9. a4 Nd7 10. Be2 Be7 11. O-O O-O 12. Kh1 a6 13. Na3 b6 14. f4
f5 15. Nc4 exf4 16. Bxf4 Nc5 17. Be3 Nd7 18. Qd2 Rb8 19. Rae1 Qc7 20. b3 Nf6
21. Bf3 a5 22. Na3 Ba6 23. c4 Qd7 24. Nc2 Ne8 25. Nd4 Nc7 26. Nc6 Bh4 27.
Nxb8 Bxe1 28. Nxd7 Bxd2 29. Bxd2 {Black resigns} 1-0

[Event "ICC tourney 1969 (45 10)"]
[Site "Internet Chess Club"]
[Date "2020.08.23"]
[Round "6"]
[White "AkshatSuresh"]
[Black "Hocky"]
[Result "1/2-1/2"]
[ICCResult "Game drawn by repetition"]
[WhiteElo "1676"]
[BlackElo "1164"]
[Opening "French: Tarrasch, closed variation, main line"]
[ECO "C06"]
[NIC "FR.17"]
[Time "13:31:29"]
[TimeControl "2700+10"]

1. e4 e6 2. d4 d5 3. Nd2 Nf6 4. e5 Nfd7 5. Bd3 c5 6. c3 Nc6 7. Ne2 cxd4 8.
cxd4 f6 9. exf6 Nxf6 10. Nf3 Bd6 11. O-O O-O 12. Re1 Bd7 13. Bf4 Bxf4 14.
Nxf4 Re8 15. Bc2 Rc8 16. Ng5 Nxd4 17. Qxd4 Rxc2 18. Ngxe6 Bxe6 19. Nxe6 Qb6
20. Qxb6 axb6 21. b3 Ne4 22. Nd4 Rxf2 23. Rxe4 Rxe4 24. Kxf2 Rxd4 25. Ke3
Re4+ 26. Kf3 Kf7 27. Rc1 Re7 28. Kf4 Kf6 29. g4 g5+ 30. Kf3 h6 31. Rd1 Rd7
32. Rd4 Ke5 33. Ke3 Rf7 34. Rb4 Rf6 35. Rb5 Rc6 36. Rb4 Rf6 37. h3 Rd6 38.
Rd4 Re6 39. Rb4 Rd6 40. Rd4 Re6 41. Rb4 Rd6 {Game drawn by repetition}
1/2-1/2

[Event "ICC tourney 1969 (45 10)"]
[Site "Internet Chess Club"]
[Date "2020.08.23"]
[Round "6"]
[White "davika21"]
[Black "adelie"]
[Result "1/2-1/2"]
[ICCResult "Game drawn by mutual agreement"]
[WhiteElo "1896"]
[BlackElo "1935"]
[Opening "Pirc: classical system, 5.Be2"]
[ECO "B08"]
[NIC "PU.01"]
[Time "13:31:39"]
[TimeControl "2700+10"]

1. e4 d6 2. d4 Nf6 3. Nc3 g6 4. Nf3 Bg7 5. Be2 O-O 6. O-O Bg4 7. Be3 Nc6 8.
Re1 e5 9. dxe5 dxe5 10. Qxd8 Rfxd8 11. Rad1 a6 12. a3 Bxf3 13. Bxf3 Nd4 14.
Bxd4 exd4 15. Nd5 Nxd5 16. exd5 Kf8 17. b3 Re8 18. Kf1 a5 19. a4 Rad8 20.
Rxe8+ Rxe8 21. Re1 {Game drawn by mutual agreement} 1/2-1/2

[Event "ICC tourney 1969 (45 10)"]
[Site "Internet Chess Club"]
[Date "2020.08.23"]
[Round "6"]
[White "NeevG"]
[Black "Jeffchess"]
[Result "0-1"]
[ICCResult "White resigns"]
[WhiteElo "1153"]
[BlackElo "1371"]
[Opening "Caro-Masi defense"]
[ECO "B12"]
[NIC "CK.01"]
[Time "13:31:28"]
[TimeControl "2700+10"]

1. e4 c6 2. d4 Nf6 3. Bd3 e6 4. Bg5 Be7 5. Nf3 d5 6. e5 Nfd7 7. Be3 h6 8.
O-O b5 9. c3 a5 10. Nbd2 Qb6 11. Ne1 Ba6 12. Qe2 Qc7 13. f4 g6 14. b3 c5 15.
c4 bxc4 16. bxc4 cxd4 17. Bxd4 Bc5 18. Bxc5 Qxc5+ 19. Kh1 Nb6 20. cxd5 Nxd5
21. Bxa6 Nxa6 22. Nd3 Qe7 23. Ne4 O-O 24. Rf3 f5 25. Nd6 Rfd8 26. Rg3 Qg7
27. Qd2 Rxd6 28. exd6 Qxa1+ 29. Nc1 Rc8 30. h4 Qxc1+ 31. Qxc1 Rxc1+ 32. Kh2
Nc5 33. Rxg6+ Kf7 34. Rxh6 Nf6 35. Rh8 Ncd7 36. Ra8 Rc6 37. Rxa5 Rxd6 38.
Rb5 Kg6 39. Rb3 Kh5 40. g3 Rd2+ 41. Kh3 Ng4 {White resigns} 0-1

[Event "ICC tourney 1969 (45 10)"]
[Site "Internet Chess Club"]
[Date "2020.08.23"]
[Round "6"]
[White "lemonoosa"]
[Black "atult"]
[Result "1/2-1/2"]
[ICCResult "Game drawn by mutual agreement"]
[WhiteElo "2050"]
[BlackElo "1810"]
[Opening "Queen's pawn, Mason variation"]
[ECO "D00"]
[NIC "QP.08"]
[Time "13:32:24"]
[TimeControl "2700+10"]

1. d4 d5 2. Bf4 c6 3. e3 Nf6 4. Nf3 g6 5. h3 Bg7 6. Be2 O-O 7. O-O Qb6 8. b3
c5 9. c4 dxc4 10. bxc4 cxd4 11. exd4 Ne4 12. a4 Rd8 13. Be3 Qc7 14. Qc1 Nc6
15. Na3 a6 16. c5 Nxd4 17. Nxd4 Bxd4 18. Bxd4 Rxd4 19. Qe3 Rxa4 20. Bd1 Rb4
21. Nc2 Rc4 22. Na3 Rb4 23. Nc2 {Game drawn by mutual agreement} 1/2-1/2

[Event "ICC tourney 1969 (45 10)"]
[Site "Internet Chess Club"]
[Date "2020.08.23"]
[Round "6"]
[White "Chessking2008"]
[Black "MateOnF7"]
[Result "1-0"]
[ICCResult "Black resigns"]
[WhiteElo "2154"]
[BlackElo "1890"]
[Opening "English: symmetrical, three knights system"]
[ECO "A30"]
[NIC "EO.42"]
[Time "13:31:42"]
[TimeControl "2700+10"]

1. c4 c5 2. Nf3 Nf6 3. Nc3 d5 4. cxd5 Nxd5 5. e4 Nb4 6. Bb5+ N8c6 7. O-O a6
8. Be2 e6 9. d3 Nd4 10. Nxd4 cxd4 11. Nb1 Bd7 12. a3 Nc6 13. f4 Be7 14. Nd2
O-O 15. Nf3 b5 16. Bd2 Qb6 17. Rc1 b4 18. a4 b3 19. Be1 Rab8 20. Kh1 Bb4 21.
Bf2 Bc5 22. e5 Na5 23. Ra1 Qa7 24. Ng5 Rb4 25. Be1 {Black resigns} 1-0

[Event "ICC tourney 1969 (45 10)"]
[Site "Internet Chess Club"]
[Date "2020.08.23"]
[Round "6"]
[White "sakethdesu"]
[Black "Chris0708"]
[Result "0-1"]
[ICCResult "White checkmated"]
[WhiteElo "864"]
[BlackElo "1261"]
[Opening "Ruy Lopez: Caro variation"]
[ECO "C70"]
[NIC "RL.09"]
[Time "13:32:00"]
[TimeControl "2700+10"]

1. e4 e5 2. Nf3 Nc6 3. Bb5 a6 4. Ba4 b5 5. Bb3 Nf6 6. Qe2 Bc5 7. O-O O-O 8.
d3 Nd4 9. Nxd4 Bxd4 10. c3 Ba7 11. Nd2 Bb7 12. Nf3 Re8 13. Nh4 d5 14. Bg5 h6
15. Bxf6 Qxf6 16. Nf5 dxe4 17. dxe4 Rad8 18. h3 Bc8 19. g4 Bxf5 20. exf5 c5
21. c4 b4 22. a3 h5 23. axb4 cxb4 24. c5 Bxc5 25. Rxa6 Rd6 26. Ra5 Bd4 27.
Rd1 Red8 28. Rd2 Bxf2+ 29. Qxf2 Rxd2 30. Qc5 hxg4 31. hxg4 Qh4 32. Qxe5
Qxg4+ 33. Kf1 Qg2+ 34. Ke1 Qg1# {White checkmated} 0-1

[Event "ICC tourney 1969 (45 10)"]
[Site "Internet Chess Club"]
[Date "2020.08.23"]
[Round "6"]
[White "Luc2008"]
[Black "mrmusicwriter5"]
[Result "1-0"]
[ICCResult "Black resigns"]
[WhiteElo "1599"]
[BlackElo "1732"]
[Opening "Sicilian: Canal-Sokolsky attack, 3...Bd7"]
[ECO "B52"]
[NIC "SI.01"]
[Time "13:31:47"]
[TimeControl "2700+10"]

1. e4 c5 2. Nf3 d6 3. Bb5+ Bd7 4. Bxd7+ Qxd7 5. O-O Nf6 6. Re1 g6 7. c3 Bg7
8. d4 cxd4 9. cxd4 O-O 10. Nc3 a6 11. Bg5 Rc8 12. Bxf6 Bxf6 13. Nd5 Qd8 14.
Nxf6+ exf6 15. e5 fxe5 16. dxe5 dxe5 17. Nxe5 Qf6 18. Qb3 b5 19. Rad1 Ra7
20. Ng4 Qg7 21. Qe3 Rac7 22. Nh6+ Kh8 23. h3 Qxb2 24. g4 Kg7 25. Nf5+ Kf8
26. Rd4 f6 27. Qh6+ Kg8 28. Ne7+ Rxe7 29. Rxe7 Qc1+ 30. Qxc1 Rxc1+ 31. Kg2
Nc6 32. Re8+ Kf7 33. Rde4 Ne5 34. Ra8 Rc2 35. Rxa6 Nd3 36. Ra7+ Kf8 37. Rd4
{Black resigns}
1-0

[Event "ICC tourney 1969 (45 10)"]
[Site "Internet Chess Club"]
[Date "2020.08.23"]
[Round "6"]
[White "carahsu08"]
[Black "imranchamp"]
[Result "0-1"]
[ICCResult "White resigns"]
[WhiteElo "1680"]
[BlackElo "1669"]
[Opening "Sicilian: Pelikan (Lasker/Sveshnikov) variation"]
[ECO "B33"]
[NIC "SI.35"]
[Time "13:31:42"]
[TimeControl "2700+10"]

1. e4 c5 2. Nf3 Nc6 3. d4 cxd4 4. Nxd4 Nf6 5. Nc3 e5 6. Nb3 Bb4 7. Bd3 d5 8.
exd5 Nxd5 9. Bd2 Nxc3 10. Bxc3 Bxc3+ 11. bxc3 O-O 12. O-O Ne7 13. Qh5 f5 14.
Qe2 Ng6 15. Bc4+ Kh8 16. Rfd1 Qg5 17. Bd5 f4 18. Kh1 Nh4 19. Nc5 f3 20. Bxf3
Rxf3 21. Rd8+ Qxd8 22. gxf3 Bh3 23. Qxe5 Bg2+ {White resigns} 0-1

[Event "ICC tourney 1969 (45 10)"]
[Site "Internet Chess Club"]
[Date "2020.08.23"]
[Round "6"]
[White "charanreddy"]
[Black "tcao"]
[Result "1-0"]
[ICCResult "Black checkmated"]
[WhiteElo "1263"]
[BlackElo "1764"]
[Opening "French defense"]
[ECO "C01"]
[NIC "FR.01"]
[Time "13:31:31"]
[TimeControl "2700+10"]

1. e4 e6 2. d4 d5 3. Ne2 dxe4 4. Be3 f5 5. Nf4 Nf6 6. Bc4 Bd6 7. Nxe6 Bxe6
8. Bxe6 f4 9. Bc1 Qe7 10. Bh3 O-O 11. O-O Nc6 12. c4 Rad8 13. c5 Bxc5 14.
Qb3+ Kh8 15. dxc5 Nd4 16. Qc4 g5 17. Nc3 g4 18. Rd1 Nc2 19. Rxd8 Rxd8 20.
Bxg4 Nxg4 21. Qe2 Qh4 22. Bxf4 Nxa1 23. h3 Nf6 24. Be5 Qg5 25. Qxe4 Kg8 26.
Bxf6 Qxf6 27. Qb1 Rf8 28. f3 Qd4+ 29. Kh1 Qxc5 30. Qxa1 Qe3 31. Qd1 Re8 32.
Ne4 Rxe4 33. fxe4 Qxe4 34. Qd8+ Kg7 35. Qxc7+ Kh6 36. Kh2 Qd5 37. b3 Qe4 38.
Qd6+ Kh5 39. Qf6 Qc6 40. g4# {Black checkmated} 1-0

[Event "ICC tourney 1969 (45 10)"]
[Site "Internet Chess Club"]
[Date "2020.08.23"]
[Round "6"]
[White "riachuvspikachu"]
[Black "Aqualime"]
[Result "1-0"]
[ICCResult "Black checkmated"]
[WhiteElo "1610"]
[BlackElo "1294"]
[Opening "Ruy Lopez: Caro variation"]
[ECO "C70"]
[NIC "RL.09"]
[Time "13:31:59"]
[TimeControl "2700+10"]

1. e4 e5 2. Nf3 Nc6 3. Bb5 a6 4. Ba4 b5 5. Bb3 Nf6 6. O-O Be7 7. d3 d6 8. h3
Na5 9. Be3 O-O 10. Nbd2 Nxb3 11. axb3 c5 12. c4 Bd7 13. Nh2 Re8 14. f4 exf4
15. Bxf4 Qb6 16. g4 Bc6 17. Qc2 Nd7 18. g5 Ne5 19. Bxe5 dxe5 20. h4 Rad8 21.
Ndf3 Bf8 22. h5 Bb7 23. Ng4 Qd6 24. Rad1 Re6 25. Nh4 Bc8 26. Nf5 Qc7 27. h6
gxh6 28. Nfxh6+ Bxh6 29. Nxh6+ Kh8 30. Nxf7+ Kg7 31. Nxd8 Qxd8 32. Rf6 Rxf6
33. gxf6+ Qxf6 34. Qg2+ Kh8 35. Rf1 Qd6 36. Qg5 Be6 37. Qf6+ Kg8 38. Rf2
bxc4 39. Rg2+ Bg4 40. Rxg4# {Black checkmated} 1-0

[Event "ICC tourney 1969 (45 10)"]
[Site "Internet Chess Club"]
[Date "2020.08.23"]
[Round "6"]
[White "chessforme17"]
[Black "Ososul"]
[Result "1/2-1/2"]
[ICCResult "Game drawn by mutual agreement"]
[WhiteElo "1985"]
[BlackElo "2140"]
[Opening "Sicilian: Canal-Sokolsky attack, Sokolsky variation"]
[ECO "B52"]
[NIC "SI.01"]
[Time "13:31:46"]
[TimeControl "2700+10"]

1. e4 c5 2. Nf3 d6 3. Bb5+ Bd7 4. Bxd7+ Qxd7 5. c4 Nc6 6. Nc3 g6 7. d4 cxd4
8. Nxd4 Bg7 9. Be3 Nf6 10. f3 O-O 11. O-O Rfc8 12. b3 a6 13. Qd3 Qd8 14.
Rac1 Qa5 15. a4 Nd7 16. Nd5 Qd8 17. Rfd1 Nc5 18. Nxc6 bxc6 19. Bxc5 cxd5 20.
Be3 dxc4 21. Rxc4 Rxc4 22. Qxc4 Qc8 23. Qxc8+ Rxc8 24. Rb1 Kf8 25. b4 Ke8
26. b5 axb5 27. axb5 Kd7 28. Kf1 Kc7 29. Ke2 Kb7 30. Kd2 Rc4 31. Rc1 Rxc1
32. Kxc1 Be5 {Game drawn by mutual agreement} 1/2-1/2

[Event "ICC tourney 1969 (45 10)"]
[Site "Internet Chess Club"]
[Date "2020.08.23"]
[Round "6"]
[White "laksa"]
[Black "vishalanil"]
[Result "1-0"]
[ICCResult "Black resigns"]
[WhiteElo "2192"]
[BlackElo "1859"]
[Opening "QGD: exchange, positional line"]
[ECO "D35"]
[NIC "QO.16"]
[Time "13:31:38"]
[TimeControl "2700+10"]

1. d4 Nf6 2. c4 e6 3. Nc3 d5 4. cxd5 exd5 5. Bg5 Be7 6. e3 c6 7. Bd3 h6 8.
Bh4 Nbd7 9. Nge2 Nf8 10. Qc2 Ne6 11. O-O O-O 12. Rad1 a5 13. f3 b6 14. Qd2
Ne4 15. fxe4 Bxh4 16. exd5 cxd5 17. Bc2 Ba6 18. Bb3 Bb7 19. a3 Bg5 20. Nf4
Nxf4 21. exf4 Bf6 22. Qe3 Re8 23. Qf3 Rc8 24. h3 b5 25. Nxb5 Ba6 26. a4 Bxb5
27. axb5 Re4 28. Rfe1 Rxe1+ 29. Rxe1 Bxd4+ 30. Kh2 Bxb2 31. Bxd5 Qf6 32. Qe4
Bd4 33. Bxf7+ Kxf7 34. Qb7+ Kg6 35. Qxc8 Qxf4+ 36. Kh1 Kh7 37. Qc2+ Kg8 38.
Qc4+ Kh7 39. Rd1 Be3 40. Qxf4 Bxf4 41. b6 a4 42. Ra1 Kg6 43. Rxa4 Bd6 44. b7
Kf7 45. Ra8 {Black resigns} 1-0

[Event "ICC tourney 1969 (45 10)"]
[Site "Internet Chess Club"]
[Date "2020.08.23"]
[Round "6"]
[White "binomialfactor"]
[Black "slolla"]
[Result "1-0"]
[ICCResult "Black resigns"]
[WhiteElo "2195"]
[BlackElo "1813"]
[Opening "King's Indian: Petrosian system, Stein variation"]
[ECO "E92"]
[NIC "KI.17"]
[Time "13:31:33"]
[TimeControl "2700+10"]

1. d4 Nf6 2. c4 g6 3. Nc3 Bg7 4. e4 d6 5. Nf3 O-O 6. Be2 e5 7. d5 a5 8. Bg5
h6 9. Bh4 Nbd7 10. Nd2 Nc5 11. O-O Qe8 12. Rb1 Nh7 13. f3 f5 14. b3 f4 15.
a3 g5 16. Bf2 b6 17. b4 Nd7 18. Qb3 Nhf6 19. Nb5 Qd8 20. c5 bxc5 21. bxc5
Nxc5 22. Bxc5 dxc5 23. Nxc7 Ra7 24. Nb5 Rb7 25. Qc3 g4 26. fxg4 Nxg4 27. Nc4
Qh4 28. h3 Nf6 29. Ncd6 Rb8 30. Nxc8 Rbxc8 31. Bf3 Nh5 32. Bxh5 Qxh5 33. Nd6
Rb8 34. Nf5 Rxb1 35. Rxb1 Rxf5 36. exf5 Qxf5 37. Rb8+ Kh7 38. Rb7 Qe4 39.
Qf3 Qd4+ 40. Kh2 e4 41. Qg4 e3 42. Qf5+ Kg8 43. Rb8+ {Black resigns} 1-0

[Event "ICC tourney 1969 (45 10)"]
[Site "Internet Chess Club"]
[Date "2020.08.23"]
[Round "6"]
[White "VishyNo1"]
[Black "happyscientist"]
[Result "1-0"]
[ICCResult "Black resigns"]
[WhiteElo "2075"]
[BlackElo "1684"]
[Opening "Ruy Lopez: 5.O-O"]
[ECO "C78"]
[NIC "RL.12"]
[Time "13:31:30"]
[TimeControl "2700+10"]

1. e4 e5 2. Nf3 Nc6 3. Bb5 a6 4. Ba4 Nf6 5. O-O b5 6. Bb3 Bc5 7. d3 d6 8. c3
h6 9. h3 O-O 10. Re1 Be6 11. Nbd2 Ne7 12. d4 exd4 13. cxd4 Bb6 14. Nf1 Ng6
15. Ng3 Bxb3 16. Qxb3 Re8 17. Bd2 Qd7 18. Bc3 Re7 19. Rad1 Qe8 20. Qc2 d5
21. e5 Nd7 22. Nf5 Re6 23. b4 Nb8 24. Qd2 Ne7 25. g4 h5 26. Qg5 g6 27. N3h4
hxg4 28. hxg4 Qf8 29. Re3 c6 30. Rf3 Bd8 31. Nh6+ Kh8 32. Nxf7+ Kh7 33. Nxd8
Qxd8 34. Rh3 Kg8 35. Nf5 Qf8 36. Qh4 Kf7 37. Nd6+ {Black resigns} 1-0